 Dungeon Crawl Stone Soup version 0.23.2-40-g277498a001 (webtiles) character file.

Game seed: 4431569272424543822

1439 ilSommo the Slasher (level 8, -3/61 HPs)
             Began as a Mummy Chaos Knight on Oct 9, 2019.
             Was a Plaything of Xom.
             Slain by an orc warrior
             ... wielding a +0 trident
              (5 damage)
             ... on level 6 of the Dungeon.
             The game lasted 00:21:24 (7336 turns).

ilSommo the Slasher (Mummy Chaos Knight)            Turns: 7336, Time: 00:21:25

Health: -3/61      AC:  7    Str: 17    XL:     8   Next: 45%
Magic:  14/14      EV: 12    Int: 12    God:    Xom [....*.]
Gold:   308        SH:  4    Dex: 11    Spells: 15/15 levels left

rFire    x . .     SeeInvis .   a - +0 falchion (chaos)
rCold    + . .     Gourm    .   j - +0 buckler (curse)
rNeg     + + +     Faith    .   b - +2 leather armour
rPois    ∞         Spirit   .   (no helmet)
rElec    .         Reflect  .   s - scarf {repulsion}
rCorr    .         Harm     .   t - +0 pair of gloves
MR       +....                  r - +0 pair of boots
Stlth    +.........             (no amulet)
HPRegen  0.20/turn              (no ring)
MPRegen  0.14/turn              (no ring)

@: cleaving, repel missiles
A: no food or potions, fire vulnerability, cold resistance 1, negative energy
resistance 3, torment resistance, unbreathing
a: Renounce Religion


You were on level 6 of the Dungeon.
You worshipped Xom.
You were a beloved toy of Xom.
You were not hungry.

You visited 1 branch of the dungeon, and saw 6 of its levels.

You collected 308 gold pieces.

Inventory:

Hand Weapons
 a - a +0 falchion of chaos (weapon)
 h - a +4 short sword of freezing
Armour
 b - a +2 leather armour (worn)
 j - a cursed +0 buckler (worn)
 p - a +1 leather armour of cold resistance
 r - a +0 pair of boots (worn)
 s - a scarf of repulsion (worn)
 t - a +0 pair of gloves (worn)
Wands
 n - a wand of digging (4)
 o - a wand of paralysis (6)
 q - a wand of iceblast (8)
Scrolls
 c - 2 scrolls of amnesia {unknown}
 d - 9 scrolls of teleportation {unknown}
 e - 3 scrolls of enchant weapon {unknown}
 f - 4 scrolls of identify {unknown}
 g - 5 scrolls of remove curse {unknown}
 k - a scroll of random uselessness {unknown}
 l - a scroll of immolation {unknown}
 m - a scroll of fear {unknown}
 u - a scroll of enchant armour {unknown}


   Skills:
 + Level 4.7 Fighting
 * Level 5.2 Long Blades
 + Level 3.4 Armour
 + Level 3.1 Dodging
 * Level 3.6 Shields
 + Level 4.3 Spellcasting


You had 15 spell levels left.
You didn't know any spells.
Your spell library was empty.

Dungeon Overview and Level Annotations

Branches:
Dungeon (6/15)             Temple (0/1) D:6

Altars:
Nemelex Xobeh
Ru
Xom


Innate Abilities, Weirdness & Mutations

You do not eat or drink.
Your flesh is vulnerable to fire.
You are immune to poison.
Your flesh is cold resistant. (rC+)
You are immune to negative energy. (rN+++)
You are immune to unholy pain and torment.
You can survive without breathing.


Message History

The orc warrior is heavily wounded.
The orc warrior hits you with a +0 trident!
* * * LOW HITPOINT WARNING * * *
Unknown command.
The orc warrior hits you from afar with a +0 trident!
* * * LOW HITPOINT WARNING * * *
The orc warrior closely misses you.
Unknown command.
That item cannot be evoked!
Evoke which item? (* to show all) (? for menu, Esc to quit)
Aiming: Iceblast
Press: ? - help, Shift-Dir - straight line, f/p - orc warrior
Aim: an orc warrior, wielding a +0 trident and wearing a +0 plate armour (heavily wounded, fast, poisoned, misshapen and mutated)
The mass of ice explodes!
The iceblast engulfs the orc warrior!
The orc warrior is almost dead.
The iceblast engulfs the orc.
The orc is moderately wounded.
You hear a shout!
The orc warrior hits you from afar with a +0 trident.
You die...

#.†.#...#.### ####
#...#...#...###..#
'#######+....##.##
.............##.##
#............#...#
.............#...# #
#....<.........### .#
#............################.###
#...............@.oo.............
#............###################.
#............# #............#
#............# #............#
#.......(....# #............#
##############


You could see an orc warrior and an orc.

Vanquished Creatures
  Grinder (D:3)
  2 ogres
  2 scorpions (D:4)
  A howler monkey (D:5)
  A crimson imp (D:6)
  A centaur skeleton (D:4)
  3 hounds
  A gnoll shaman (D:3)
  An orc priest (D:4)
  An orc wizard (D:6)
  Ijyb (D:4)
  An iguana (D:4)
  Natasha (thrice) (D:2)
  5 worker ants
  A hound skeleton (D:4)
  7 gnolls
  A river rat (D:4)
  8 adders
  An ooze (D:1)
  2 adder skeletons
  A worm (D:3)
  A dart slug (D:3)
  3 leopard geckos
  6 orcs
  3 ball pythons
  6 bats
  8 giant cockroaches
  6 goblins
  8 hobgoblins
  4 jackals (D:2)
  2 quokkas
  4 frilled lizards
  A giant cockroach zombie (D:5)
  5 kobolds
  A quokka zombie (D:6)
  4 rats
  A bush (D:2)
  A fungus (D:4)
109 creatures vanquished.

Vanquished Creatures (collateral kills)
  Eustachio (D:6)
  2 phantoms
  Crazy Yiuf (D:4)
  An adder (D:6)
5 creatures vanquished.

Grand Total: 114 creatures vanquished

Notes
Turn   | Place    | Note
-------+----------+-------------------------------------------
     0 | D:1      | ilSommo the Mummy Chaos Knight began the quest for the Orb.
     0 | D:1      | Reached XP level 1. HP: 18/18 MP: 1/1
    85 | D:1      | Reached skill level 1 in Dodging
    87 | D:1      | Reached XP level 2. HP: 24/24 MP: 2/2
   504 | D:1      | XOM is BORED!
   504 | D:1      | XOM: harmless Tloc miscast
   745 | D:1      | Reached skill level 1 in Spellcasting
   847 | D:2      | Reached XP level 3. HP: 21/29 MP: 4/4
  1051 | D:2      | XOM: cloud trail
  1262 | D:2      | Reached skill level 3 in Long Blades
  1289 | D:2      | Noticed Natasha
  1307 | D:2      | Killed Natasha
  1307 | D:2      | Reached XP level 4. HP: 27/35 MP: 6/6
  1585 | D:2      | Noticed Natasha
  1588 | D:2      | XOM: butterfly on damage
  1596 | D:2      | Killed Natasha
  1630 | D:2      | Noticed Natasha
  1642 | D:2      | Killed Natasha
  1663 | D:2      | XOM: god gift: runed short sword {god gift}
  1693 | D:2      | XOM: 1-stop teleportation journey
  1855 | D:3      | Reached XP level 5. HP: 41/41 MP: 8/8
  1869 | D:3      | XOM: divination: detect items
  2012 | D:3      | XOM: mild Chrm miscast
  2026 | D:3      | XOM: god gift: scroll labeled JASONKERGHIL {god gift}
  2143 | D:3      | XOM: 6-stop teleportation journey
  2341 | D:3      | XOM: medium Necr miscast
  2398 | D:3      | XOM is BORED!
  2398 | D:3      | XOM: mild Tloc miscast
  2399 | D:3      | Noticed a spatial vortex
  2454 | D:3      | XOM: god gift: ration
  2739 | D:4      | Reached skill level 1 in Shields
  2739 | D:4      | Reached XP level 6. HP: 45/48 MP: 9/9
  2774 | D:4      | XOM: enchant monster (good)
  2778 | D:4      | XOM: summons friendly shadow imp
  2812 | D:3      | XOM: scenery: create altars
  3000 | D:4      | XOM: confuse monster(s)
  3044 | D:4      | XOM: polymorph hound -> iguana
  3048 | D:4      | XOM: polymorph iguana -> river rat
  3238 | D:3      | Reached skill level 4 in Long Blades
  3435 | D:4      | Noticed Grinder
  3448 | D:4      | Paralysed by Grinder for 4 turns
  3462 | D:3      | Paralysed by Grinder for 2 turns
  3463 | D:3      | XOM: smoke on damage
  3511 | D:3      | Killed Grinder
  3511 | D:3      | Reached XP level 7. HP: 33/54 MP: 11/11
  3710 | D:4      | XOM: 1-stop teleportation journey
  3752 | D:4      | XOM: silly message
  3933 | D:3      | XOM: cast spell 'Discord'
  4064 | D:4      | XOM: harmless Fire miscast
  4122 | D:4      | XOM: severe Fire miscast
  4286 | D:4      | XOM: mild Tmut miscast
  4286 | D:4      | Noticed Ijyb
  4355 | D:4      | XOM: confusion (+ monsters)
  4367 | D:4      | Killed Ijyb
  4423 | D:4      | XOM: summons 3 hostile demons
  4424 | D:4      | Noticed a rust devil
  4467 | D:3      | XOM: stat loss: -1 Dex (9/11)
  4982 | D:4      | XOM: harmless Fire miscast
  5115 | D:4      | XOM: stat loss: -1 Int (11/12)
  5130 | D:4      | Found a runed translucent door.
  5131 | D:4      | Noticed Crazy Yiuf
  5144 | D:4      | Killed Crazy Yiuf
  5144 | D:4      | Reached XP level 8. HP: 18/61 MP: 13/13
  5240 | D:4      | XOM: summons 4 hostile demons
  5437 | D:5      | Entered Level 5 of the Dungeon
  5542 | D:5      | XOM: summons friendly iron imp
  5811 | D:5      | XOM: noise
  5860 | D:5      | Found a sparkling altar of Nemelex Xobeh.
  5886 | D:5      | XOM: noise
  5981 | D:4      | Reached skill level 5 in Long Blades
  6517 | D:5      | XOM: summons 4 hostile demons
  6518 | D:5      | Noticed a hellwing
  6829 | D:6      | Found a staircase to the Ecumenical Temple.
  7065 | D:6      | XOM: cast spell 'Call Canine Familiar'
  7176 | D:6      | Noticed Eustachio
  7187 | D:6      | Killed Eustachio
  7215 | D:6      | Found a sacrificial altar of Ru.
  7321 | D:6      | XOM: cleaving
  7335 | D:6      | HP: 2/61 [orc warrior/+0 trident (17)]
  7336 | D:6      | Slain by an orc warrior

Skill      XL: |  1  2  3  4  5  6  7  8 |
---------------+-------------------------+-----
Dodging        | 1 2 3 |  3.1
Spellcasting   | 1 2 3 4 |  4.3
Long Blades    | 3 4 5 |  5.2
Armour         | 2 3 |  3.4
Shields        | 1 2 3 |  3.6
Fighting       | 4 |  4.7

Action                   |  1- 3 |  4- 6 |  7- 9 || total
-------------------------+-------+-------+-------++-------
Melee: Falchion          |   118 |    12 |   141 ||   271
       Short sword       |       |   176 |   129 ||   305
Evoke: Wand              |       |     8 |     4 ||    12
 Stab: Sleeping          |       |     1 |     1 ||     2
       Paralysed         |       |       |     5 ||     5
Armor: Leather armour    |    58 |    27 |    96 ||   181
Dodge: Dodged            |    83 |    65 |   173 ||   321
       Deflected         |       |       |     2 ||     2
Block: Buckler           |       |     6 |    66 ||    72
       Rpst.: Falchion   |    35 |     5 |    21 ||    61
